 Dungeon Crawl Stone Soup version 0.28.0-45-g0d030f2227 (webtiles) character file.

Game seed: 4922483507353622905

245 issech the Cudgeller (level 5, -1/53 HPs)
             Began as a Troll Monk on Apr 18, 2022.
             Slain by Dowan
             ... wielding a +0 dagger
              (3 damage)
             ... on level 5 of the Dungeon.
             The game lasted 00:12:31 (2890 turns).

issech the Cudgeller (Troll Monk)                   Turns: 2890, Time: 00:12:31

Health: -1/53      AC:  5    Str: 19    XL:     5   Next: 84%
Magic:  4/4        EV: 11    Int:  6    God:
Gold:   119        SH:  0    Dex: 14    Spells: 4/4 levels left

rFire   . . .      SeeInvis .   a - +0 mace
rCold   . . .      Faith    .   (no shield)
rNeg    . . .      Spirit   .   b - +0 robe
rPois   .          Reflect  .   (helmet restricted)
rElec   .          Harm     .   j - +0 cloak
rCorr   .          Rampage  .   (gloves unavailable)
Will    .....                   (boots unavailable)
Stlth   ++........              (no amulet)
HPRegen 0.97/turn               (no ring)
MPRegen 0.09/turn               (no ring)

@: no status effects
A: large, unfitting armour, claws 3, regeneration 1, shaggy fur 1, tough skin 1
a: no special abilities


You were on level 5 of the Dungeon.
You visited 1 branch of the dungeon, and saw 5 of its levels.

You collected 119 gold pieces.

Inventory:

Hand Weapons
 a - a +0 mace (weapon)
Missiles
 c - 80 arrows
 d - 41 stones (quivered)
 e - 21 bolts
 f - 11 poisoned darts
 g - a throwing net
 h - 14 sling bullets
Armour
 b - a +0 robe (worn)
 j - a +0 cloak (worn)
Magical Staves
 m - a staff of fire
 n - a staff of conjuration
Wands
 p - a wand of mindburst (1)
Scrolls
 i - 2 scrolls of silence {unknown}
Potions
 k - a potion of resistance {unknown}
 l - a potion of mutation {unknown}
 o - a potion of might {unknown}


   Skills:
 + Level 3.4 Fighting
 + Level 4.5 Maces & Flails
 + Level 0.1 Throwing
 + Level 3.4 Dodging
 + Level 1.2 Stealth


You had 4 spell levels left.
You didn't know any spells.
Your spell library contained the following spells:

 Spells                   Type           Power      Damage    Failure   Level
 Ensorcelled Hibernation  Hex/Ice        0%         N/A       58%         2
 Passwall                 Tmut/Erth      0%         N/A       58%         2
 Gell's Gravitas          Tloc           0%         N/A       83%         3
 Lesser Beckoning         Tloc           0%         N/A       83%         3
 Swiftness                Air            0%         N/A       83%         3
 Teleport Other           Tloc           0%         N/A       83%         3


Dungeon Overview and Level Annotations

Branches:
Dungeon (5/15)
 Temple: D:4-7

Altars:
Sif Muna

Shops:
D:3 *

Annotations:
D:4 Pikel
D:5 Dowan


Innate Abilities, Weirdness & Mutations

You are too large for most types of armour.
You have claws for hands.
Your natural rate of healing is unusually fast.
You are covered in fur. (AC +1)
You have tough skin. (AC +1)


Message History

Duvessa is moderately wounded.
Duvessa hits you with a +0 short sword!
You hit Duvessa.
Duvessa is moderately wounded.
Duvessa hits you with a +0 short sword.
You hit Duvessa.
Duvessa is heavily wounded.
Duvessa hits you with a +0 short sword.
You closely miss Duvessa.
Duvessa is heavily wounded.
Duvessa says, "I don't care about looks, I care about technique!"
Duvessa barely misses you. Duvessa hits you with a +0 short sword!
You hit Duvessa.
Duvessa is severely wounded.
Duvessa hits you with a +0 short sword.
You barely miss Duvessa.
Duvessa is severely wounded.
Duvessa hits you with a +0 short sword.
You hit Duvessa.
Duvessa is severely wounded.
Duvessa closely misses you.
You hit Duvessa.
Duvessa is almost dead.
Duvessa hits you with a +0 short sword.
You barely miss Duvessa.
Duvessa is almost dead.
Duvessa hits you with a +0 short sword. Duvessa hits you with a +0 short sword!
* * * LOW HITPOINT WARNING * * *
You sock Duvessa!
You kill Duvessa!
Dowan screams, "No!
No!"
Dowan seems to find hidden reserves of power!
Dowan barely misses you.
You closely miss Dowan. Dowan hits you but does no damage.
Dowan hits you with a +0 dagger.
* * * LOW HITPOINT WARNING * * *
You closely miss Dowan.
Dowan zaps a wand.
The puff of flame hits you!
* * * LOW HITPOINT WARNING * * *
You miss Dowan. Dowan hits you with a +0 dagger.
You die...

#(# #e# ....# #.# .# #.#.#
#.# .# ### #.#.. #(##.##
..# #.#.# #.#...### #.#
#.#.# #.......$
#.#####.#.#########.......#
................@e.........
#......<.......####.......#
..#####.#......# ###...###
..........###......[.......
#.#####.### #..........####
#... ...# ############
#########


You could see Dowan (fast).

Vanquished Creatures
  Duvessa (D:5)
  A howler monkey (D:5)
  2 adders
  2 worms
  3 dart slugs
  10 orcs
  3 bats
  5 endoplasms
  4 goblins
  4 hobgoblins
  7 jackals
  2 quokkas (D:1)
  5 ball pythons
  3 frilled lizards
  4 kobolds (D:3)
  7 rats
63 creatures vanquished.

Notes
Turn   | Place    | Note
-------+----------+-------------------------------------------
     0 | D:1      | issech the Troll Monk began the quest for the Orb.
     0 | D:1      | Reached XP level 1. HP: 22/22 MP: 0/0
   179 | D:1      | Reached XP level 2. HP: 29/29 MP: 1/1
   301 | D:1      | Reached skill level 3 in Maces & Flails
   663 | D:2      | Found a faded altar of an unknown god.
   683 | D:2      | Reached XP level 3. HP: 36/36 MP: 2/2
   713 | D:2      | Found a shimmering blue altar of Sif Muna.
  1696 | D:3      | Reached XP level 4. HP: 43/44 MP: 3/3
  1798 | D:3      | Found Suoghell's Assorted Antiques.
  2716 | D:4      | Noticed Pikel
  2716 | D:4      | Noticed a lemure
  2716 | D:4      | Noticed a lemure
  2716 | D:4      | Noticed a lemure
  2716 | D:4      | Noticed a lemure
  2795 | D:5      | Entered Level 5 of the Dungeon
  2859 | D:5      | Reached skill level 4 in Maces & Flails
  2859 | D:5      | Reached XP level 5. HP: 46/53 MP: 4/4
  2863 | D:5      | Noticed Duvessa
  2869 | D:5      | Noticed Dowan
  2887 | D:5      | Killed Duvessa
  2889 | D:5      | HP: 1/53 [Dowan/puff of flame (11)]
  2890 | D:5      | Slain by Dowan

Illustrated notes

Levels and vault maps discovered:
D:1:      minmay_arrival_pointy, layout_rooms, minmay_pentomino_z2
D:2:      layout_basic, basic_ecumenical_altar, basic_altar,
          minmay_misc_feat_four_crosses
D:3:      layout_basic, serial_shops, shop, serial_co_window_serial,
          co_window_corner_a, co_window_corner_a, co_window_corner_a,
          co_window_corner_a, co_window_cross_1, co_window_cross_3,
          co_window_of_opportunity_b, co_window_2corner,
          co_window_of_opportunity_c, co_window_sun, co_window_paths_d,
          glass_columns_a, glass_columns_c, glass_columns_a, glass_columns_b
D:4:      layout_basic, enter_ossuary_2, serial_shops, shop,
          kennysheep_generic_room_4, uniq_pikel
D:5:      layout_loops_ring, kennysheep_generic_room_10, uniq_duvessa

Skill      XL: |  1  2  3  4 |
---------------+-------------+-----
Maces & Flails | 3 4 |  4.5
Dodging        | 3 |  3.4
Fighting       | 3 |  3.4
Throwing       | |  0.1
Stealth        | |  1.2

Action                   |  1- 3 |  4- 6 || total
-------------------------+-------+-------++-------
Melee: Mace              |   136 |   113 ||   249
Throw: Stone             |       |     5 ||     5
  Use: Scroll            |       |     1 ||     1
Armor: Robe              |    60 |    37 ||    97
Dodge: Dodged            |    95 |    71 ||   166
